 Dungeon Crawl Stone Soup version 0.23.2-1-ga50397a (webtiles) character file.

Game seed: 17284620595560434817

7473 goulibeur the Fighter (level 10, -2/93 HPs)
             Began as a Red Draconian Berserker on May 21, 2019.
             Was an Elder of Trog.
             Killed by divine providence
             ... invoked by an orc priest
              (12 damage)
             ... on level 10 of the Dungeon.
             The game lasted 00:34:23 (8674 turns).

goulibeur the Fighter (Red Draconian Berserker)     Turns: 8674, Time: 00:34:23

Health: -2/93      AC:  9    Str: 21    XL:     10   Next: 94%
Magic:  10/10      EV: 17    Int:  7    God:    Trog [****..]
Gold:   623        SH:  0    Dex: 13    Spells: 9/9 levels left

rFire    + + .     SeeInvis .   P - +1 dire flail (drain)
rCold    + . .     Gourm    .   (shield currently unavailable)
rNeg     . . .     Faith    .   (armour unavailable)
rPois    .         Spirit   .   G - +0 hat
rElec    .         Reflect  .   I - scarf {rC+ rF+}
rCorr    .         Harm     .   h - +0 pair of gloves
MR       .....                  A - +0 pair of boots
Stlth    ++........             l - amulet of regeneration
HPRegen  0.65/turn              D - ring of stealth
MPRegen  0.12/turn              (no ring)

@: berserk cooldown, slowed, very slow
A: breathe fire, unfitting armour, fire resistance 1, cold-blooded, AC +7
a: Breathe Fire, Berserk, Trog's Hand, Brothers in Arms, Renounce Religion


You were on level 10 of the Dungeon.
You worshipped Trog.
Trog was greatly pleased with you.
You were hungry.

You visited 1 branch of the dungeon, and saw 10 of its levels.
You also visited: Sewer.

You collected 623 gold pieces.

Inventory:

Hand Weapons
 a - a +1 mace
 z - a +0 flail
 P - a +1 dire flail of draining (weapon)
Missiles
 m - 9 javelins
 n - 8 steel javelins
 s - 14 tomahawks
 v - 10 tomahawks of returning (quivered)
Armour
 h - a +0 pair of gloves (worn)
 k - a scarf of cloud immunity
 t - a +0 pair of gloves
 A - a +0 pair of boots (worn)
 G - a +0 hat (worn)
 I - a scarf of resistance (worn)
Magical Staves
 w - an uncursed staff of power
Jewellery
 l - an amulet of regeneration (around neck)
 u - an uncursed amulet of magic regeneration
 D - a ring of stealth (left hand)
 E - an uncursed amulet of the gourmand {unknown}
 J - a cursed ring of teleportation
 N - an uncursed amulet of guardian spirit {unknown}
Wands
 y - a wand of flame (40)
 B - a wand of acid (9)
 M - a wand of enslavement (10)
Scrolls
 j - 2 scrolls of fear
 q - a scroll of enchant weapon
 x - 4 scrolls of remove curse
 C - a scroll of summoning {unknown}
 F - a scroll of magic mapping
 K - a scroll of brand weapon {unknown}
Potions
 c - 2 potions of resistance {unknown}
 d - a potion of lignification {unknown}
 e - a potion of haste {unknown}
 f - a potion of cancellation {unknown}
 g - 2 potions of flight {unknown}
 i - 3 potions of might
 o - 3 potions of degeneration {unknown}
 p - a potion of heal wounds {unknown}
 r - 8 potions of curing
 H - 2 potions of mutation {unknown}
 L - a potion of berserk rage {unknown}
Comestibles
 b - 10 rations


   Skills:
 + Level 9.8 Fighting
 + Level 9.0 Maces & Flails
 + Level 7.7 Throwing
 + Level 8.2 Dodging


You had 9 spell levels left.
You didn't know any spells.
Your spell library was empty.

Dungeon Overview and Level Annotations

Branches:
Dungeon (10/15)            Temple (0/1) D:6             Orc (0/2) D:10
   Lair: D:8-11

Altars:
Ashenzari
Cheibriados
Fedhas
Gozag
Hepliaklqana
Makhleb
Nemelex Xobeh
Okawaru
Qazlal
Ru
Sif Muna
Xom
Yredelemnul

Annotations:
D:9 2 transporters, Jaiteiro's ghost, novice TrFi


Innate Abilities, Weirdness & Mutations

You can breathe blasts of fire.
Your fiery red scales are hard. (AC +7)
You cannot fit into any form of body armour.
Your flesh is heat resistant. (rF+)
You are cold-blooded and may be slowed by cold attacks.


Message History

The orc priest hits you but does no damage.
The orc hits you with a +0 club.
* * * LOW HITPOINT WARNING * * *
Items here: )) †† a +0 short sword; a +0 mace; an orc corpse x2
You feel a strong urge to attack something.
The orc closely misses you.
You feel your anger nearly subside.
You are no longer berserk.
You are exhausted.
You feel yourself slow down.
There is an open door here.
The orc priest casts a cantrip, but nothing happens.
The orc priest invokes the aid of Beogh against you.
Beogh smites you!
* * * LOW HITPOINT WARNING * * *
The orc closely misses you.
The orc priest casts a cantrip, but nothing happens.
The orc priest invokes the aid of Beogh against you.
Beogh smites you!
You die...

.......# .......########## ...
................ ...
..............##+##..
.......<......#...#.#############
...)..........#...#.#..#.........
..............#...#.#..#.....%...
#####.........#'###.#..#.........
#...........@oo.o.o.)).....>.
#..##########o..#..#.)#[.....
#..# #...####..# ..... #..#
#......#.... .... #..#
############# ### ####


You could see 2 orc priests and 3 orcs.

Vanquished Creatures
  Gastronok (D:8)
  Harold (D:8)
  A two-headed ogre (D:9)
  Joseph (D:8)
  Psyche (D:10)
  Prince Ribbit (D:8)
  A hippogriff (D:7)
  Eustachio (D:6)
  A hungry ghost (D:9)
  Duvessa (D:5)
  A black bear (D:6)
  2 orc warriors
  A sky beast (D:9)
  3 phantoms
  5 centaurs
  2 ogres (D:7)
  A big kobold (Sewer)
  9 bullfrogs
  Dowan (D:5)
  A wyvern skeleton (D:10)
  2 scorpions
  4 killer bees (D:9)
  A howler monkey (D:6)
  2 crimson imps
  A jelly (D:8)
  A quasit (D:6)
  2 hounds
  2 orc wizards (D:9)
  2 orc priests (D:9)
  4 iguanas
  7 worker ants
  3 hound skeletons
  11 adders
  3 gnolls (D:7)
  A river rat (Sewer)
  2 oozes (D:3)
  An adder zombie (D:7)
  3 worms
  A dart slug (D:2)
  3 leopard geckos
  15 orcs
  9 giant cockroaches
  9 goblins
  7 hobgoblins
  10 jackals
  3 quokkas
  A ball python (D:4)
  6 bats
  7 frilled lizards
  A jackal skeleton (D:8)
  2 jackal zombies
  7 kobolds
  A leopard gecko zombie (D:5)
  10 rats
180 creatures vanquished.

Notes
Turn   | Place    | Note
-------+----------+-------------------------------------------
     0 | D:1      | goulibeur the Draconian Berserker began the quest for the
                  | Orb.
     0 | D:1      | Reached XP level 1. HP: 19/19 MP: 1/1
   411 | D:1      | Reached XP level 2. HP: 16/26 MP: 2/2
  1159 | D:2      | Reached skill level 1 in Throwing
  1350 | D:2      | Reached XP level 3. HP: 30/33 MP: 3/3
  1435 | D:2      | Reached ** piety under Trog
  1545 | D:2      | Found a shimmering altar of Xom.
  1876 | D:2      | Reached XP level 4. HP: 38/40 MP: 4/4
  2171 | D:3      | Found a glowing drain.
  2206 | Sewer    | Entered a sewer
  2289 | Sewer    | Noticed a big kobold
  2328 | Sewer    | Killed a big kobold
  2328 | Sewer    | Reached XP level 5. HP: 40/47 MP: 5/5
  2366 | Sewer    | Found a white marble altar of Elyvilon.
  2626 | D:3      | Reached *** piety under Trog
  3197 | D:4      | Found a basalt altar of Yredelemnul.
  3383 | D:4      | Reached XP level 6. HP: 53/53 MP: 6/6
  3559 | D:4      | Reached skill level 5 in Fighting
  3681 | D:4      | Found an opulent altar of Gozag.
  3717 | D:5      | Entered Level 5 of the Dungeon
  3754 | D:5      | Your scales start taking on a fiery red colour.
  3754 | D:5      | Reached XP level 7. HP: 33/61 MP: 7/7
  3754 | D:5      | Gained mutation: Your flesh is heat resistant. (rF+) [Red
                  | Draconian growth]
  4053 | D:5      | Reached skill level 5 in Maces & Flails
  4161 | D:5      | Noticed Dowan
  4162 | D:5      | Noticed Duvessa
  4168 | D:5      | Killed Duvessa
  4176 | D:5      | Killed Dowan
  4280 | D:5      | Found a deep blue altar of Sif Muna.
  4524 | D:5      | Found a burning altar of Makhleb.
  4525 | D:5      | Found a blossoming altar of Fedhas.
  4526 | D:5      | Found a sacrificial altar of Ru.
  4526 | D:5      | Found a stormy altar of Qazlal.
  4740 | D:6      | Reached skill level 5 in Dodging
  4740 | D:6      | Reached XP level 8. HP: 70/70 MP: 8/8
  5010 | D:6      | Found a staircase to the Ecumenical Temple.
  5011 | D:6      | Found an iron altar of Okawaru.
  5048 | D:6      | Noticed Eustachio
  5110 | D:6      | Killed Eustachio
  5413 | D:6      | Found a sparkling altar of Nemelex Xobeh.
  5934 | D:7      | Reached **** piety under Trog
  5934 | D:7      | Received a gift from Trog
  5934 | D:7      | Reached skill level 5 in Throwing
  6053 | D:7      | Reached XP level 9. HP: 79/79 MP: 9/9
  6214 | D:7      | Found a hazy altar of Hepliaklqana.
  6403 | D:8      | Found a shattered altar of Ashenzari.
  6474 | D:8      | Noticed Harold
  6496 | D:8      | Killed Harold
  6711 | D:8      | Noticed Joseph
  6726 | D:8      | Killed Joseph
  6818 | D:8      | Noticed Gastronok
  6836 | D:8      | Killed Gastronok
  6836 | D:8      | Reached XP level 10. HP: 79/91 MP: 10/10
  6895 | D:8      | Noticed Prince Ribbit
  6902 | D:8      | Killed Prince Ribbit
  7527 | D:8      | Found a snail-covered altar of Cheibriados.
  7904 | D:9      | Found a transporter.
  8006 | D:9      | Noticed a two-headed ogre
  8014 | D:9      | Killed a two-headed ogre
  8332 | D:9      | Found a transporter.
  8337 | D:9      | Noticed Jaiteiro's ghost (novice TrFi)
  8566 | D:10     | Entered Level 10 of the Dungeon
  8576 | D:10     | Noticed Psyche
  8582 | D:10     | Killed Psyche
  8658 | D:10     | Found a staircase to the Orcish Mines.
  8674 | D:10     | Killed from afar by an orc priest

Skill      XL: |  1  2  3  4  5  6  7  8  9 10 |
---------------+-------------------------------+-----
Throwing       | 1 2 3 4 5 7 |  7.7
Dodging        | 3 4 5 6 7 8 |  8.2
Fighting       | 4 5 6 7 9 |  9.8
Maces & Flails | 4 5 6 8 9 |  9.0

Action                   |  1- 3 |  4- 6 |  7- 9 | 10-12 || total
-------------------------+-------+-------+-------+-------++-------
Melee: Mace              |   111 |   155 |       |       ||   266
       Tailslap          |    17 |    14 |    55 |    18 ||   104
       Flail             |       |    22 |   281 |   109 ||   412
       Dire flail        |       |       |       |    35 ||    35
Throw: Tomahawk          |       |       |    15 |       ||    15
Invok: Berserk           |       |     2 |     6 |     6 ||    14
  Use: Scroll            |       |     6 |     5 |     3 ||    14
 Stab: Sleeping          |       |       |       |     1 ||     1
  Eat: Chunk             |     3 |     8 |    15 |     9 ||    35
       Ration            |       |       |       |     1 ||     1
Armor: Skin              |    44 |    70 |    97 |    29 ||   240
Dodge: Dodged            |    89 |   134 |   238 |   127 ||   588
